 Dungeon Crawl Stone Soup version 0.21.1-1-g345015fe64 (webtiles) character file.

2158 Lentor the Carver (level 9, -1/78 HPs)
             Began as a White Draconian Berserker on June 8, 2018.
             Was a Priest of Trog.
             Slain by Psyche
             ... wielding a +2 dagger of chaos
              (2 damage)
             ... on level 7 of the Dungeon.
             The game lasted 00:12:33 (5688 turns).

Lentor the Carver (White Draconian Berserker)       Turns: 5688, Time: 00:12:34

Health: -1/78      AC:  9    Str: 24    XL:     9   Next: 10%
Magic:  0/9        EV: 14    Int:  7    God:    Trog [***...]
Gold:   272        SH:  0    Dex: 10    Spells: 8/8 levels left

rFire    . . .     SeeInvis .   o - +0 long sword
rCold    + . .     Gourm    .   (no shield)
rNeg     . . .     Faith    .   (armour unavailable)
rPois    .         Spirit   +   (helmet restricted)
rElec    .         Reflect  .   (no cloak)
rCorr    +         Harm     .   (no gloves)
MR       .....                  j - +1 pair of boots
Stlth    ++........             s - amulet of guardian spirit
HPRegen  0.23/turn              e - ring of resist corrosion
MPRegen  0.11/turn              (no ring)

@: lethally poisoned (-1 -> -4), berserk cooldown, hasted and slowed
A: breathe frost, unfitting armour, cold resistance 1, cold-blooded, AC +7
a: Breathe Frost, Berserk, Trog's Hand, Burn Spellbooks, Renounce Religion


You were on level 7 of the Dungeon.
You worshipped Trog.
Trog was most pleased with you.
You were near starving.

You visited 1 branch of the dungeon, and saw 8 of its levels.

You collected 272 gold pieces.

Inventory:

Hand Weapons
 a - a +0 falchion
 o - a +0 long sword (weapon)
Armour
 j - a +1 pair of boots (worn)
Jewellery
 e - a ring of resist corrosion (left hand)
 s - an amulet of guardian spirit (around neck)
Wands
 r - a wand of clouds (5)
Scrolls
 g - 5 scrolls of identify
 h - a scroll of random uselessness {unknown}
 k - a scroll of amnesia {unknown}
 m - a scroll of enchant armour
 n - a scroll of teleportation
 p - 2 scrolls of immolation {unknown}
 q - a scroll of magic mapping {unknown}
Potions
 f - a potion of flight {unknown}
 i - 2 potions of heal wounds {unknown}
 l - a potion of lignification {unknown}
Comestibles
 b - 14 rations
 t - 3 chunks of flesh


   Skills:
 + Level 6.8 Fighting
 + Level 9.2 Long Blades
 + Level 5.7 Dodging
 + Level 2.6 Stealth


You had 8 spell levels left.
You didn't know any spells.

Dungeon Overview and Level Annotations

Branches:
Dungeon (8/15)
 Temple: D:4-7         Lair: D:8-11

Altars:
Dithmenos
Elyvilon
Gozag
Makhleb
Ru
Sif Muna
Uskayaw
Xom
Zin

Annotations:
D:8 Chudej's ghost, novice MiBe; Psyche


Innate Abilities, Weirdness & Mutations

You can breathe waves of freezing cold.
You can buffet flying creatures when you breathe cold.
Your icy white scales are hard. (AC +7)
You cannot fit into any form of body armour.
Your flesh is cold resistant. (rC+)
You are cold-blooded and may be slowed by cold attacks.


Message History

You suddenly lose the ability to move!
You can move again.
You feel better. Something barely misses you.
Something hits you but does no damage.
You are poisoned.
Your black bear barely misses the hornet.
Your black bear closely misses the hornet. x2
The hornet closely misses you.
You riposte.
You barely miss the hornet.
The hornet is lightly wounded.
Something hits you.
* * * LOW HITPOINT WARNING * * *
The necrophage misses you.
Your black bear misses the hornet. x2
Your black bear barely misses the hornet.
The hornet closely misses you.
You feel yourself speed up.
* * * LOW HITPOINT WARNING * * *
You feel sick. Something hits you.
* * * LOW HITPOINT WARNING * * *
Something hits you.
You die...

...# .... #
#..# #.
#..#
#.###..#
...#..#
######.#n.#
.......@>S#
.#####..y.#
#.h..#
........
###....###
#....#
##....
#.....


You could see a hornet, a necrophage, an adder and a friendly black bear
(berserk).

Vanquished Creatures
  Pikel (D:5)
  Menkaure (D:5)
  Edmund (D:4)
  A slave (D:5)
  A sky beast (D:5)
  2 ogres (D:4)
  3 centaurs
  2 scorpions
  A howler monkey (D:3)
  3 hounds (D:4)
  A centaur zombie (D:5)
  Crazy Yiuf (D:5)
  3 orc priests (D:3)
  A bullfrog skeleton (D:4)
  3 orc wizards
  2 iguanas (D:5)
  8 worker ants
  8 gnolls
  3 adders
  An ooze (D:2)
  4 worms
  3 dart slugs
  3 leopard geckos
  21 orcs
  2 ball pythons
  4 giant cockroaches
  8 goblins
  7 hobgoblins
  12 jackals
  2 quokkas
  5 bats
  4 frilled lizards
  A jackal skeleton (D:4)
  6 kobolds
  5 rats
134 creatures vanquished.

Vanquished Creatures (others)
  A bullfrog zombie (D:5)
1 creature vanquished.

Grand Total: 135 creatures vanquished

Notes
Turn   | Place    | Note
-------+----------+-------------------------------------------
     0 | D:1      | Lentor the Draconian Berserker began the quest for the Orb.
     0 | D:1      | Reached XP level 1. HP: 19/19 MP: 1/1
   270 | D:1      | Reached XP level 2. HP: 26/26 MP: 2/2
   973 | D:2      | Reached XP level 3. HP: 31/33 MP: 3/3
  1092 | D:2      | Found an opulent altar of Gozag.
  1093 | D:2      | Found a white marble altar of Elyvilon.
  1303 | D:2      | Reached ** piety under Trog
  1327 | D:2      | Reached skill level 4 in Long Blades
  1329 | D:2      | Reached XP level 4. HP: 40/40 MP: 4/4
  2131 | D:3      | Reached XP level 5. HP: 43/47 MP: 5/5
  2504 | D:3      | Reached skill level 5 in Long Blades
  2504 | D:3      | Reached skill level 1 in Stealth
  2510 | D:3      | Reached XP level 6. HP: 53/53 MP: 6/6
  2768 | D:3      | Found a shadowy altar of Dithmenos.
  2937 | D:3      | Reached *** piety under Trog
  3714 | D:4      | Reached skill level 5 in Fighting
  3760 | D:4      | Noticed Edmund
  3771 | D:4      | Killed Edmund
  3771 | D:4      | Reached skill level 6 in Long Blades
  3771 | D:4      | Your scales start taking on an icy white colour.
  3771 | D:4      | Reached XP level 7. HP: 61/61 MP: 7/7
  3771 | D:4      | Gained mutation: Your flesh is cold resistant. (rC+) [White Draconian growth]
  3784 | D:4      | Found a sacrificial altar of Ru.
  3785 | D:4      | Found a shimmering altar of Xom.
  3787 | D:4      | Found a burning altar of Makhleb.
  3789 | D:4      | Found a deep blue altar of Sif Muna.
  3790 | D:4      | Found a shadowy altar of Dithmenos.
  3809 | D:4      | Found a hide-covered altar of Uskayaw.
  3811 | D:4      | Noticed a hand axe
  3812 | D:4      | Noticed a dagger
  3917 | D:4      | HP: 3/61 [poisoned by a worker ant]
  4310 | D:4      | Found a sacrificial altar of Ru.
  4345 | D:4      | Reached skill level 7 in Long Blades
  4428 | D:4      | Reached XP level 8. HP: 51/70 MP: 8/8
  4574 | D:4      | Found a glowing silver altar of Zin.
  4614 | D:5      | Entered Level 5 of the Dungeon
  4743 | D:5      | Noticed Menkaure
  4759 | D:5      | Killed Menkaure
  4759 | D:5      | Reached skill level 5 in Dodging
  5097 | D:5      | Reached **** piety under Trog
  5102 | D:5      | Noticed Pikel
  5104 | D:5      | Reached skill level 8 in Long Blades
  5113 | D:5      | Killed Pikel
  5115 | D:5      | Reached skill level 9 in Long Blades
  5151 | D:5      | Reached XP level 9. HP: 12/78 MP: 9/9
  5464 | D:5      | Found a runed door.
  5591 | D:5      | Noticed Crazy Yiuf
  5597 | D:5      | Killed Crazy Yiuf
  5670 | D:6      | You fall through a shaft for 2 floors!
  5670 | D:8      | Noticed Psyche
  5673 | D:8      | Noticed Chudej's ghost (novice MiBe)
  5686 | D:7      | HP: 1/77 [hornet (8)]
  5686 | D:7      | Paralysed by a hornet for 1 turns
  5688 | D:7      | Slain by Psyche

Skill      XL: |  1  2  3  4  5  6  7  8 |
---------------+-------------------------+-----
Dodging        | 3 4 5 |  5.7
Fighting       | 4 5 6 |  6.8
Long Blades    | 4 5 6 7 9 |  9.2
Stealth        | 1 2 |  2.6

Action                   |  1- 3 |  4- 6 |  7- 9 || total
-------------------------+-------+-------+-------++-------
Melee: Falchion          |    78 |   193 |    63 ||   334
       Tailslap          |     9 |    29 |    37 ||    75
       Long sword        |       |       |    91 ||    91
Invok: Berserk           |     3 |     3 |     6 ||    12
       Brothers in Arms  |       |       |     1 ||     1
  Use: Scroll            |       |     5 |       ||     5
       Potion            |       |       |     3 ||     3
 Stab: Distracted        |       |     1 |       ||     1
       Sleeping          |       |     2 |     2 ||     4
  Eat: Chunk             |     3 |     5 |     7 ||    15
       Ration            |       |     2 |     1 ||     3
Armor: Skin              |    16 |    57 |    73 ||   146
Dodge: Dodged            |    54 |   124 |   148 ||   326
       Rpst.: Falchion   |    13 |    36 |    30 ||    79
       Long sword        |       |       |    19 ||    19
